 Dungeon Crawl Stone Soup version 0.29-a0-384-g6960b1960d (webtiles) character file.

Game seed: 15928634298564174669

532 ryw the Magician (level 7, -1/49 HPs)
             Began as a Demonspawn Hedge Wizard on May 7, 2022.
             Was a Follower of Cheibriados.
             Slain by a gnoll
             ... wielding a +0 flail
             ... led by a gnoll shaman
              (3 damage)
             ... on level 4 of the Dungeon.
             The game lasted 00:28:50 (7242 turns).

ryw the Magician (Demonspawn Hedge Wizard)          Turns: 7242, Time: 00:28:50

Health: -1/49      AC:  5    Str: 12    XL:     7   Next: 4%
Magic:  2/14       EV: 13    Int: 19    God:    Cheibriados [*.....]
Gold:   1204       SH:  5    Dex: 15    Spells: 8/16 levels left

rFire   . . .      SeeInvis .   g - +3 battleaxe "Esezuen" {venom, +Blink}
rCold   . . .      Faith    .   (shield currently unavailable)
rNeg    . . .      Spirit   .   m - +2 robe {Will+}
rPois   .          Reflect  +   c - +0 hat
rElec   .          Harm     .   u - scarf {shadows}
rCorr   +          Rampage  .   (no gloves)
Will    +....                   (no boots)
Stlth   ++........              a - amulet of reflection
HPRegen 0.16/turn               k - ring of resist corrosion
MPRegen 0.14/turn               (no ring)

@: very slow
A: rugged brown scales 1, powered by pain 1
a: Renounce Religion, Evoke Blink, Bend Time


You were on level 4 of the Dungeon.
You worshipped Cheibriados.
Cheibriados was aware of your devotion.
You visited 1 branch of the dungeon, and saw 5 of its levels.

You collected 1553 gold pieces.
You spent 349 gold pieces at shops.

Inventory:

Hand Weapons
 f - a +0 short sword
 g - the +3 battleaxe "Esezuen" (weapon) {venom, +Blink}
   (You bought it in a shop on level 2 of the Dungeon)

   It poisons the flesh of those it strikes.
   +Blink:    It lets you blink.
 l - a +1 vampiric trident
 n - a +0 dagger of electrocution
Missiles
 b - 4 poisoned darts
Armour
 c - a +0 hat (worn)
 m - a +2 robe of willpower (worn)
 u - a scarf of shadows (worn)
Jewellery
 a - an amulet of reflection (around neck)
 k - a ring of resist corrosion (left hand)
Scrolls
 e - a scroll of identify
 i - 3 scrolls of teleportation
Potions
 d - a potion of magic
 h - a potion of attraction
 j - 2 potions of lignification {unknown}
 q - 2 potions of curing {unknown}
 r - a potion of might {unknown}
 s - 2 potions of heal wounds {unknown}
 t - a potion of brilliance


   Skills:
 - Level 1.0 Fighting
 - Level 1.0 Staves
 + Level 2.9 Dodging
 - Level 1.9 Stealth
 * Level 5.1 Spellcasting
 - Level 2.4 Conjurations
 + Level 3.2 Summonings
 - Level 2.2 Translocations


You had 8 spell levels left.
You knew the following spells:

 Your Spells              Type           Power      Damage    Failure   Level
a - Magic Dart            Conj           56%        1d5       4%          1
b - Call Imp              Summ           17%        N/A       4%          2
c - Call Canine Familiar  Summ           17%        N/A       10%         3
d - Blink                 Tloc           26%        N/A       8%          2

Your spell library contained the following spells:

 Spells                   Type           Power      Damage    Failure   Level
 Shock                    Conj/Air       36%        1d5       8%          1
 Slow                     Hex            16%        N/A       12%         1
 Corpse Rot               Necr/Air       8%         N/A       19%         2
 Conjure Flame            Conj/Fire      9%         6-21      22%         3
 Portal Projectile        Hex/Tloc       18%        N/A       22%         3
 Mephitic Cloud           Conj/Pois/Air  7%         N/A       26%         3
 Swiftness                Air            4%         N/A       36%         3
 Airstrike                Air            2%         N/A       77%         4
 Dispel Undead            Necr           4%         3d7       77%         4
 Leda's Liquefaction      Hex/Erth       2%         N/A       77%         4
 Fireball                 Conj/Fire      4%         3d4       90%         5
 Death Channel            Necr           2%         N/A       100%        6
 Starburst                Conj/Fire      4%         6d4       100%        6
 Ignition                 Fire           2%         3d3       100%        8


Dungeon Overview and Level Annotations

Branches:
Dungeon (5/15)
 Temple: D:4-7

Altars:
Cheibriados
Makhleb

Shops:
D:1 :?   D:2 =[[[(

Annotations:
D:2 Terence


Innate Abilities, Weirdness & Mutations

You are partially covered in rugged brown scales. (AC +1, +3% HP)
You sometimes gain a little power by taking damage.


Message History

Your hound barely misses the jackal.
The jackal bites you but does no damage.
The gnoll hits your hound with a +0 flail!
Your hound closely misses the jackal.
The jackal attacks as you move away! The jackal closely misses you.
The gnoll completely misses your hound. The jackal closely misses you.
Your hound bites the jackal.
The jackal dies!
Cheibriados appreciates the change of pace.
What are your orders? t - Shout!
Orders for allies: a - Attack new target. r - Retreat! s - Stop attacking. g - Guard the area. f - Follow me.
Anything else - Cancel.
Gang up on whom?
Press: ? - help, Dir - move target, f - gnoll
Aim: a gnoll, wielding a +0 flail (heavily wounded, ally target) Attack!
Your hound bites the gnoll.
The gnoll completely misses your hound.
Casting: Call Canine Familiar (dangerous; 10% risk of failure)
Confirm with . or Enter, or press ? or * to list all spells.
A beastly little devil appears in a puff of flame.
Your crimson imp says, "I give in to your servitude, my grandiloquent and awesome master!"
Your hound bites the gnoll.
The gnoll hits your hound with a +0 flail.
Your hound dies!
Your hound's corpse disappears in a puff of smoke!
Casting: Call Imp (safe; 4% risk of failure)
Confirm with . or Enter, or press ? or * to list all spells.
You don't have enough magic to cast this spell.
Your crimson imp blinks!
The gnoll hits you with a +0 flail.
* * * LOW HITPOINT WARNING * * *
The gnoll closely misses you.
Your crimson imp hits the gnoll.
The gnoll attacks as you move away! The gnoll hits you with a +0 flail.
* * * LOW HITPOINT WARNING * * *
The gnoll barely misses you. The gnoll attacks as you move away!
The gnoll hits you with a +0 flail.
You die...

†.♣.#.#.#..#### #.##....# ##....
8...#.#.##..######....#.####.....
..♣.#.#.###.#..................##
....#.........##...####.#...#.##
######..###.###...## ##.#.###.##
#..........#.# ##....# #..#
##.##.#.<###.###..#### ##.##
#######)##.....##.#....#######..#
................@...............#
.................g.....[....#####
######.†....###...5.#.......#
#####..#.##.........#.#.....#
......##.#...##.......#.....#
.#######...####..........#### ##
#..## #....>.##...# # ####..#
#........#..# #
##.....#####..........†#


You could see a gnoll (ally target) and a friendly crimson imp (summoned).

Vanquished Creatures
  A scorpion (D:4)
  Jessica (D:2)
  Natasha (twice) (D:4)
  5 adders
  A shadow imp (D:3)
  2 orcs (D:3)
  10 ball pythons
  9 endoplasms
  5 giant cockroaches
  5 goblins
  4 hobgoblins
  2 kobolds (D:2)
  5 quokkas
  4 bats
  3 frilled lizards
  13 rats
72 creatures vanquished.

Vanquished Creatures (collateral kills)
  A black bear (D:5)
  A scorpion (D:4)
  Crazy Yiuf (D:2)
  A gnoll shaman (D:5)
  Natasha (D:4)
  An iguana (D:4)
  A worm (D:4)
  A dart slug (D:4)
  An orc (D:4)
  An endoplasm (D:4)
  A giant cockroach (D:4)
  A goblin (D:4)
  A hobgoblin (D:4)
  A jackal (D:4)
  2 ball pythons
  2 kobolds (D:4)
18 creatures vanquished.

Grand Total: 90 creatures vanquished

Notes
Turn   | Place    | Note
-------+----------+-------------------------------------------
     0 | D:1      | ryw the Demonspawn Hedge Wizard began the quest for the
                  | Orb.
     0 | D:1      | Reached XP level 1. HP: 13/13 MP: 4/4
     8 | D:1      | Found Equtuets's Book Shoppe.
    74 | D:1      | Reached skill level 1 in Translocations
   304 | D:1      | Gained mutation: You are partially covered in rugged brown
                  | scales. (AC +1, +3% HP) [demonic ancestry]
   304 | D:1      | Reached XP level 2. HP: 13/19 MP: 4/6
   549 | D:1      | Learned a level 2 spell: Call Imp
   960 | D:1      | Found a faded altar of an unknown god.
  1011 | D:1      | Found Omuf's Magic Scroll Shop.
  1171 | D:2      | Gained mutation: You sometimes gain a little power by
                  | taking damage. [demonic ancestry]
  1171 | D:2      | Reached XP level 3. HP: 17/24 MP: 1/7
  1535 | D:2      | Learned a level 3 spell: Call Canine Familiar
  1766 | D:2      | Found Tyzol's Antique Armour Emporium.
  1768 | D:2      | Found Plog's Armour Emporium.
  1768 | D:2      | Noticed Jessica
  1775 | D:2      | Killed Jessica
  1776 | D:2      | Reached XP level 4. HP: 19/30 MP: 1/9
  1903 | D:2      | Found Fimp's Antique Weapon Shoppe.
  2121 | D:2      | Found Goameexa's Antique Armour Emporium.
  2183 | D:2      | Bought a runed robe for 85 gold pieces
  2222 | D:2      | Found a runed translucent door.
  2223 | D:2      | Noticed Crazy Yiuf
  2628 | D:2      | Killed Crazy Yiuf
  2629 | D:2      | Reached skill level 4 in Spellcasting
  2785 | D:2      | Found Saroapetoa's Jewellery Boutique.
  3117 | D:3      | Reached XP level 5. HP: 29/36 MP: 3/11
  3359 | D:3      | Noticed Terence
  3739 | D:3      | Found a snail-covered altar of Cheibriados.
  3788 | D:3      | Became a worshipper of Cheibriados the Contemplative
  4811 | D:4      | Learned a level 2 spell: Blink
  5051 | D:4      | Noticed Natasha
  5070 | D:4      | Killed Natasha
  5513 | D:4      | Noticed Natasha
  5525 | D:4      | Killed Natasha
  5526 | D:4      | Reached XP level 6. HP: 31/43 MP: 1/12
  5627 | D:4      | Noticed Natasha
  5784 | D:4      | Killed Natasha
  5784 | D:4      | Reached * piety under Cheibriados
  5785 | D:4      | Reached skill level 1 in Fighting
  5785 | D:4      | Reached skill level 1 in Staves
  6318 | D:4      | Found a burning altar of Makhleb.
  6630 | D:4      | Identified a scroll of acquirement
  6630 | D:4      | Acquired 1167 gold pieces
  6658 | D:2      | Bought an ancient battleaxe for 264 gold pieces
  6658 | D:2      | Identified the +3 battleaxe "Esezuen" {venom, +Blink} (You
                  | bought it in a shop on level 2 of the Dungeon)
  6689 | D:5      | Entered Level 5 of the Dungeon
  6719 | D:5      | HP: 2/44 [black bear (10)]
  6724 | D:5      | Reached skill level 5 in Spellcasting
  7203 | D:5      | Reached XP level 7. HP: 32/49 MP: 0/14
  7241 | D:4      | HP: 2/49 [gnoll/+0 flail[a gnoll shaman] (4)]
  7242 | D:4      | Slain by a gnoll

Illustrated notes

Levels and vault maps discovered:
D:1:      tarquinn_simple_flora_water_c, layout_basic, serial_shops,
          nicolae_shop_advertising_works [nicolae_subvault_shop_adworks],
          shop_statue, hellmonk_ecumenical_altar_inner_sanctum
D:2:      layout_rooms, serial_shops, nicolae_shop_hallway_stairs, shop,
          nicolae_shop_statue_plus, shop, nicolae_shop_trees,
          uniq_crazy_yiuf_cottage, uniq_jessica
D:3:      kennysheep_big_flooded_room, layout_loops_cross,
          amcnicky_altar_gilded, grunt_decor_arrowhead, dk_noncrumbling_4,
          uniq_terence
D:4:      layout_rooms, lightli_temple_of_fire, dreamdust_princess_bridge,
          serial_park_tiny_pond, minmay_pentangle, uniq_natasha
D:5:      layout_basic, minmay_temple_entry_sparse_star

Skill      XL: |  1  2  3  4  5  6 |
---------------+-------------------+-----
Translocations | 1 2 |  2.2
Summonings     | 2 3 |  3.2
Conjurations   | 2 |  2.4
Spellcasting   | 4 5 |  5.1
Dodging        | 2 |  2.9
Fighting       | 1 |  1.0
Staves         | 1 |  1.0
Stealth        | |  1.9

Action                   |  1- 3 |  4- 6 |  7- 9 || total
-------------------------+-------+-------+-------++-------
Melee: Dagger            |    21 |       |       ||    21
       Quarterstaff      |       |     1 |       ||     1
       Short sword       |       |     2 |       ||     2
 Cast: Magic Dart        |    97 |   164 |       ||   261
       Call Imp          |       |    22 |     1 ||    23
       Call Canine Famil |       |    12 |     1 ||    13
  Use: Scroll            |     1 |    13 |       ||    14
Armor: Robe              |    15 |    23 |     5 ||    43
Dodge: Dodged            |    21 |    76 |    35 ||   132
Block: Other             |       |    16 |     2 ||    18

Table legend: (Time is in decaauts)
 A = Elapsed time spent in this place.
 B = Non-inter-level travel time spent in this place.
 C = Inter-level travel time spent in this place.
 D = Time resting spent in this place.
 E = Time spent auto-exploring this place.
 F = Levels seen in this place.
 G = Mean time per level.
                   A        B        C        D        E       F      G
               +--------+--------+--------+--------+--------+-----+--------+
         Total |   7766 |   7262 |    504 |   1947 |   4324 |   5 | 1553.2 |
       Dungeon |   7766 |   7262 |    504 |   1947 |   4324 |   5 | 1553.2 |
               +--------+--------+--------+--------+--------+-----+--------+

Top non-repeatable levels by time:
     D:4: 2552 daAuts
     D:2: 1871 daAuts
     D:3: 1591 daAuts
     D:1: 1465 daAuts
     D:5: 286 daAuts
